 Dungeon Sprint DCSS version 0.28.0-43-g3370ac3207 (webtiles) character file.

Game seed: 10414669081020865072

1231 boopmooplesden the Cleaver (level 8, 0/88 HPs)
             Began as a Minotaur Berserker on Mar 15, 2022.
             Was a Priest of Trog.
             Slain by a centaur warrior (1 damage)
             ... in the Dungeon (Sprint I: "Red Sonja").
             The game lasted 00:01:40 (1125 turns).

boopmooplesden the Cleaver (Minotaur Berserker)     Turns: 1125, Time: 00:01:42

Health: 0/88       AC:  4    Str: 21    XL:     8   Next: 24%
Magic:  7/7        EV: 14    Int:  4    God:    Trog [***...]
Gold:   285        SH:  0    Dex: 13    Spells: 7/7 levels left

rFire   . . .      SeeInvis .   a - +1 hand axe
rCold   . . .      Faith    .   (no shield)
rNeg    . . .      Spirit   .   k - +0 leather armour
rPois   .          Reflect  .   (helmet restricted)
rElec   .          Harm     .   (no cloak)
rCorr   .          Rampage  .   (no gloves)
Will    .....      NoTele   +   (no boots)
Stlth   +.........              (no amulet)
HPRegen 0.24/turn               (no ring)
MPRegen 0.10/turn               (no ring)

@: no status effects
A: horns 2, retaliatory headbutt
a: Renounce Religion, Berserk, Trog's Hand


You were in the Dungeon.
You worshipped Trog.
Trog was most pleased with you.
You visited 1 branch You collected 405 gold pieces.
You spent 120 gold pieces at shops.

Inventory:

Hand Weapons
 a - a +1 hand axe (weapon)
Armour
 b - a +1 animal skin
 k - a +0 leather armour (worn)
Wands
 i - a wand of iceblast (7)
Scrolls
 h - 2 scrolls of blinking
Potions
 c - 2 potions of curing
 d - a potion of heal wounds
 e - a potion of haste
 f - 2 potions of magic
 g - a potion of berserk rage
 j - a potion of lignification


   Skills:
 + Level 13.7 Fighting
 + Level 14.0 Axes
 + Level 8.0 Armour
 + Level 6.8 Dodging
 + Level 0.7 Stealth


You had 7 spell levels left.
You didn't know any spells.
Your spell library was empty.

Dungeon Overview and Level Annotations

Branches:
Dungeon (1/1)

Altars:
Cheibriados
Dithmenos
Elyvilon
Fedhas
Gozag
Hepliaklqana
Kikubaaqudgha
Makhleb
Nemelex Xobeh
Okawaru
Qazlal
Ru
Sif Muna
Trog
Uskayaw
Vehumet
Wu Jian
Xom
Yredelemnul
Zin
The Shining One
Jiyva
Lugonu

Shops:
D *


Innate Abilities, Weirdness & Mutations

You have a pair of horns on your head.
You reflexively headbutt those who attack you in melee.


Message History

It is a scroll of enchant armour.
Your +0 animal skin glows green for a moment.
Unknown command.
There is an open door here.
You see here a yak corpse.
You start resting.
You start resting.
HP restored.
You start waiting.
Done waiting.
There is a shimmering blue altar of Sif Muna here.
You open the door.
A centaur warrior comes into view.
The centaur warrior moves out of view.
Found a pair of gloves and a chain mail.
A centaur warrior comes into view.
The centaur warrior shouts!
The centaur warrior wields a +0 shortbow.
The centaur warrior shoots an arrow.
The arrow hits you!
You see here a ring of wizardry.
You see here 20 stones.
There is an open door here.
The centaur warrior shoots an arrow.
The arrow closely misses you.
Which direction?
There isn't anything that you can close there!
The centaur warrior shoots an arrow.
The arrow misses you.
There is an open door here.
The centaur warrior shoots an arrow.
The arrow hits you!!
The centaur warrior shoots an arrow.
The arrow hits you!!
* * * LOW HITPOINT WARNING * * *
There is an open door here.
You close the door.
A centaur warrior opens the door.
The centaur warrior unwields a +0 shortbow.
The centaur warrior hits you!
* * * LOW HITPOINT WARNING * * *
The centaur warrior completely misses you.
The centaur warrior hits you!
* * * LOW HITPOINT WARNING * * *
The centaur warrior kicks you.
You die...

##########################
#<.#..').#..'..#__#..'.).#
#..').#..').#..@..'..#)..#
#..#####'#####c#__####...+
#..####..#...#(####§[#####
#..#__####..##=#§≈§§c#
#..#_____##'#_.'≈§§..+
#⌠⌠#_.∩...÷..._#§§≈.c#
####_..__##_.#'##+####
#____§###+#.# ####### ###


You could see a centaur warrior.

Vanquished Creatures
  2 kobold demonologists (D)
  Sigmund (D)
  A slime creature (D)
  A yak (D)
  A floating eye (D)
  An ogre (D)
  A jelly (D)
  Ijyb (D)
9 creatures vanquished.

Notes
Turn   | Place    | Note
-------+----------+-------------------------------------------
     0 | D        | boopmooplesden the Minotaur Berserker began the quest for
                  | the Orb.
     0 | D        | Reached XP level 1. HP: 19/19 MP: 0/0
     1 | D        | Noticed Ijyb
     8 | D        | Killed Ijyb
     9 | D        | Reached skill level 5 in Fighting
     9 | D        | Reached skill level 5 in Axes
     9 | D        | Reached XP level 2. HP: 19/29 MP: 1/1
   170 | D        | Noticed an ogre
   175 | D        | Killed an ogre
   176 | D        | Reached skill level 7 in Axes
   176 | D        | Reached XP level 3. HP: 40/40 MP: 2/2
   176 | D        | Reached XP level 4. HP: 48/48 MP: 3/3
   312 | D        | Noticed Sigmund
   317 | D        | Killed Sigmund
   317 | D        | Reached ** piety under Trog
   318 | D        | Reached skill level 10 in Fighting
   318 | D        | Reached skill level 10 in Axes
   318 | D        | Reached skill level 5 in Armour
   318 | D        | Reached skill level 5 in Dodging
   318 | D        | Reached XP level 5. HP: 58/58 MP: 4/4
   318 | D        | Reached XP level 6. HP: 66/66 MP: 5/5
   554 | D        | Found a burning altar of Makhleb.
   554 | D        | Found a viscous altar of Jiyva.
   554 | D        | Found a shimmering altar of Xom.
   554 | D        | Found a corrupted altar of Lugonu.
   554 | D        | Noticed a slime creature
   562 | D        | Killed a slime creature
   563 | D        | Reached skill level 11 in Axes
   649 | D        | Noticed a kobold demonologist
   650 | D        | Noticed a kobold demonologist
   651 | D        | Noticed a floating eye
   652 | D        | Noticed a sun demon
   653 | D        | Killed a floating eye
   654 | D        | Reached XP level 7. HP: 75/75 MP: 6/6
   657 | D        | Killed a kobold demonologist
   658 | D        | Reached skill level 13 in Axes
   666 | D        | Killed a kobold demonologist
   666 | D        | Reached *** piety under Trog
   667 | D        | Reached XP level 8. HP: 86/86 MP: 7/7
   781 | D        | Found an ornate altar of the Wu Jian Council.
   781 | D        | Found a shimmering blue altar of Sif Muna.
   783 | D        | Found a radiant altar of Vehumet.
   864 | D        | Found Ceros's Assorted Antiques.
   864 | D        | Found an ancient bone altar of Kikubaaqudgha.
   864 | D        | Found a hazy altar of Hepliaklqana.
   864 | D        | Found a stormy altar of Qazlal.
   864 | D        | Found a hide-covered altar of Uskayaw.
   864 | D        | Found a blossoming altar of Fedhas.
   864 | D        | Found a bloodstained altar of Trog.
   864 | D        | Found an iron altar of Okawaru.
   864 | D        | Found a basalt altar of Yredelemnul.
   864 | D        | Found a glowing golden altar of the Shining One.
   864 | D        | Found a snail-covered altar of Cheibriados.
   864 | D        | Found a sacrificial altar of Ru.
   864 | D        | Found a glowing silver altar of Zin.
   864 | D        | Found a shadowy altar of Dithmenos.
   864 | D        | Found a white marble altar of Elyvilon.
   874 | D        | Reached skill level 14 in Axes
   874 | D        | Found an opulent altar of Gozag.
   875 | D        | Found a sparkling altar of Nemelex Xobeh.
   879 | D        | Bought a scroll labelled EDIAFO GUXTOE for 30 gold pieces
   879 | D        | Bought a scroll labelled UVVUOT ILE for 30 gold pieces
   879 | D        | Bought a scroll labelled PYOHEO LULECOGH for 30 gold pieces
   879 | D        | Bought a scroll labelled XYNARGHIPHE for 30 gold pieces
  1114 | D        | Noticed a centaur warrior
  1115 | D        | Noticed a centaur warrior
  1125 | D        | HP: 1/88 [centaur warrior (13)]
  1125 | D        | Slain by a centaur warrior

Illustrated notes

Levels and vault maps discovered:
D:        dungeon_sprint_1 [red_sonja_temple_1, red_sonja_temple_small_1]

Skill      XL: |  1  2  3  4  5  6  7  8 |
---------------+-------------------------+-----
Fighting       | 5 7 10 11 13 | 13.7
Axes           | 5 7 10 11 13 14 | 14.0
Armour         | 3 4 5 6 7 8 |  8.0
Dodging        | 3 5 6 |  6.8
Stealth        | |  0.7

Action                   |  1- 3 |  4- 6 |  7- 9 || total
-------------------------+-------+-------+-------++-------
Melee: Hand axe          |     9 |    12 |    25 ||    46
       Headbutt          |       |     4 |     4 ||     8
Invok: Berserk           |     2 |     3 |       ||     5
  Use: Scroll            |       |       |     4 ||     4
Dodge: Dodged            |     2 |     3 |     8 ||    13
